 Dungeon Crawl Stone Soup version 0.20-a0-926-g560771d (webtiles) character file.

799 Deemzul the Cutter (level 7, 0/50 HPs)
             Began as an Octopode Monk on Mar 27, 2017.
             Was a Believer of Dithmenos.
             Slain by an ice beast (10 damage)
             ... on level 5 of the Dungeon.
             The game lasted 00:04:48 (3815 turns).

Deemzul the Cutter (Octopode Monk)                  Turns: 3815, Time: 00:04:49

Health: 0/50       AC:  1    Str: 10    XL:     7   Next: 90%
Magic:  7/7        EV: 16    Int: 12    God:    Dithmenos [**....]
Gold:   243        SH:  0    Dex: 17    Spells: 6/6 levels left

rFire    . . .     SeeInvis .   t - +2 dagger (venom)
rCold    . . .     Gourm    .   (no shield)
rNeg     . . .     Faith    +   (helmet restricted)
rPois    .         Spirit   .   x - amulet of faith
rElec    .         Reflect  .   s - ring of wizardry
rCorr    .         Harm     .   (no ring)
MR       .....                  (no ring)
Stlth    ++++++....             (no ring)
Regen    0.2/turn               (no ring)
MPRegen  0.1/turn               (no ring)
                                (no ring)
                                (no ring)

@: wreathed by umbra
A: almost no armour, stealthy swim, amphibious, 8 rings, constrict 8, camouflage
1, gelatinous body 1
a: Shadow Step, Renounce Religion


You were on level 5 of the Dungeon.
You worshipped Dithmenos.
Dithmenos was pleased with you.
You were not hungry.

You visited 1 branch of the dungeon, and saw 6 of its levels.

You collected 243 gold pieces.

Inventory:

Hand Weapons
 a - a +0 short sword
 q - a +1 dagger of draining
 t - a +2 dagger of venom (weapon)
Jewellery
 s - a ring of wizardry (left tentacle)
 x - an amulet of faith (around mantle)
 B - an uncursed amulet of rage {unknown}
Wands
 y - a wand of flame (27/48)
Scrolls
 d - 3 scrolls of amnesia {unknown}
 e - a scroll of recharging {unknown}
 h - 2 scrolls of magic mapping {unknown}
 i - a scroll of enchant armour {unknown}
 k - 2 scrolls of identify {unknown}
 l - 3 scrolls of teleportation {unknown}
 m - 5 scrolls of remove curse {unknown}
 n - a scroll of blinking {unknown}
Potions
 c - 2 potions of magic {unknown}
 f - a potion of lignification {unknown}
 j - 2 potions of haste {unknown}
 r - 2 potions of might {unknown}
 u - a potion of curing
 v - a potion of resistance {unknown}
 w - 2 potions of agility {unknown}
 A - 2 potions of berserk rage {unknown}
Books
 z - Sif Muna's Reference Book on Changing
   (You found it on level 5 of the Dungeon)

   Spells                             Type                      Level
   a - Beastly Appendage              Transmutation                1
 C - a book of Frost

   Spells                             Type                      Level
   a - Freeze                         Ice                          1
   b - Throw Frost                    Conjuration/Ice              2
   c - Ozocubu's Armour               Charms/Ice                   3
   d - Throw Icicle                   Conjuration/Ice              4
   e - Summon Ice Beast               Ice/Summoning                4
Comestibles
 b - 5 bread rations
 g - 2 royal jellies
 o - 2 meat rations
 p - 2 fruits
 D - 2 chunks of flesh


   Skills:
 + Level 5.0 Fighting
 * Level 6.2 Short Blades
 + Level 4.4 Dodging
 + Level 6.2 Stealth


You had 6 spell levels left.
You didn't know any spells.

Dungeon Overview and Level Annotations

Branches:
Dungeon (6/15)
 Temple: D:4-7

Altars:
Dithmenos
Gozag
Makhleb
Sif Muna
Vehumet
Wu Jian
Xom
Yredelemnul
The Shining One

Annotations:
D:3 Shimatora's ghost, amateur TrMo


Innate Abilities, Weirdness & Mutations

You cannot wear most types of armour.
You are very stealthy in the water. (Stealth+)
You are amphibious.
You can wear up to eight rings at the same time.
You can use your tentacles to constrict eight enemies at once.
Your skin changes colour to match your surroundings (Stealth+).
Your rubbery body absorbs attacks. (AC +1, EV +1)


Message History

The ice beast hits you.
* * * LOW HITPOINT WARNING * * *
The ice beast freezes you!
* * * LOW HITPOINT WARNING * * *
There are monsters nearby!
The centaur shoots an arrow.
The arrow closely misses you.
Unknown command.
There is an escape hatch in the ceiling here.
You see here an arrow.
You see here 2 arrows.
You see here a mace.
There is a stone staircase leading up here.
You climb upwards.
There is a stone staircase leading down here.
The ice beast closely misses you. The ice beast barely misses you.
The ice beast hits you.
* * * LOW HITPOINT WARNING * * *
The ice beast freezes you!
You die...

#_≈#......#.....#
#.##.....####..## ###
#.'......# ##.## #.##
#.##.....###...##
##.#######_≈#............#
##..##>.######...........
##......##..#####....##.
##...#Y......##.....###
###.....@.............# #
#..#..#..###..........###
####..##..####........##.
#.###..# ##........#. ##.#
##.## #.......... #.##
#..# ##......... #.# #..#
##......... #### ##.##
#.......... ##.###
#..###..........


You could see an ice beast.

Vanquished Creatures
  Sigmund (D:6)
  A scorpion (D:4)
  A howler monkey (D:5)
  A crimson imp (D:5)
  4 orc wizards (D:5)
  An orc priest (D:4)
  A hound (D:5)
  A jelly (D:5)
  Jessica (D:2)
  5 worker ants
  3 gnolls (D:2)
  3 adders
  A shadow imp (D:5)
  2 adder skeletons (D:5)
  2 worms
  4 dart slugs
  4 leopard geckos
  12 orcs
  A ball python (D:3)
  4 giant cockroaches
  5 goblins
  3 hobgoblins
  9 jackals
  2 quokkas
  8 bats
  5 frilled lizards
  6 kobolds
  9 rats
100 creatures vanquished.

Notes
Turn   | Place    | Note
-------+----------+-------------------------------------------
     0 | D:1      | Deemzul the Octopode Monk began the quest for the Orb.
     0 | D:1      | Reached XP level 1. HP: 16/16 MP: 1/1
   116 | D:1      | Reached XP level 2. HP: 15/21 MP: 2/2
   397 | D:2      | Noticed Jessica
   406 | D:2      | Killed Jessica
   406 | D:2      | Reached XP level 3. HP: 24/26 MP: 3/3
   620 | D:2      | Reached XP level 4. HP: 31/31 MP: 4/4
   670 | D:2      | Found a burning altar of Makhleb.
   670 | D:2      | Found a radiant altar of Vehumet.
  1134 | D:3      | Noticed Shimatora's ghost (amateur TrMo)
  1370 | D:3      | Reached XP level 5. HP: 37/37 MP: 5/5
  1912 | D:4      | Found a shimmering altar of Xom.
  1932 | D:4      | Noticed a phantom
  2076 | D:4      | Reached XP level 6. HP: 34/43 MP: 6/6
  2120 | D:4      | Reached skill level 5 in Stealth
  2183 | D:4      | Found a shadowy altar of Dithmenos.
  2243 | D:4      | Became a worshipper of Dithmenos the Shadowed
  2243 | D:4      | Reached * piety under Dithmenos
  2243 | D:4      | Reached ** piety under Dithmenos
  2464 | D:5      | Entered Level 5 of the Dungeon
  2517 | D:5      | Found an opulent altar of Gozag.
  2517 | D:5      | Found an ornate altar of the Wu Jian Council.
  2589 | D:5      | Reached skill level 5 in Short Blades
  2650 | D:5      | Found a basalt altar of Yredelemnul.
  2716 | D:5      | Found a deep blue altar of Sif Muna.
  2816 | D:5      | Reached XP level 7. HP: 49/49 MP: 7/7
  3081 | D:5      | Identified Sif Muna's Reference Book on Changing
  3475 | D:5      | Found a glowing golden altar of the Shining One.
  3693 | D:6      | Noticed Sigmund
  3711 | D:6      | Killed Sigmund
  3713 | D:6      | Reached skill level 5 in Fighting
  3736 | D:6      | HP: 1/50 [ice beast (11)]
  3815 | D:5      | Slain by an ice beast

Vault maps used:
D:1:      dpeg_arrival_tiny_d
D:2:      gammafunk_temple_overflow_statue, minmay_misc_feat_tiny, uniq_jessica
D:4:      old_standard_altar, serial_bayou, serial_bayou_pond_c,
          serial_bayou_lake_a, serial_bayou_lagoon_b, serial_bayou_pond_e,
          nicolae_dithmenos_the_darkroom
D:5:      grunt_temple_overflow_holy_war, led_sif_book,
          gammafunk_temple_overflow_elements, first_bread
D:6:      elyvilon_altar_4, uniq_sigmund, uniq_menkaure

Skill      XL: |  1  2  3  4  5  6  7 |
---------------+----------------------+-----
Stealth        | 3 4 5 6 |  6.2
Short Blades   | 4 5 6 |  6.2
Fighting       | 4 5 |  5.0
Dodging        | 4 |  4.4

Action                   |  1- 3 |  4- 6 |  7- 9 || total
-------------------------+-------+-------+-------++-------
Melee: Short sword       |    50 |    26 |       ||    76
       Constrict         |    15 |    24 |    13 ||    52
       Tentacles         |     8 |    29 |    17 ||    54
       Dagger            |       |    89 |    52 ||   141
 Stab: Sleeping          |    12 |    21 |     2 ||    35
       Distracted        |       |     1 |       ||     1
  Eat: Chunk             |       |     5 |     4 ||     9
Armor: Skin              |     3 |     1 |     2 ||     6
Dodge: Dodged            |    32 |    45 |    46 ||   123
